 Dungeon Crawl Stone Soup version 0.21.1-1-g345015fe64 (webtiles) character file.

1185 Ashiichan the Thaumaturge (level 8, -2/36 HPs)
             Began as a Deep Elf Ice Elementalist on June 5, 2018.
             Was a Believer of Sif Muna.
             Succumbed to Tali's ghost's poison
             ... on level 6 of the Dungeon.
             The game lasted 00:22:15 (4791 turns).

Ashiichan the Thaumaturge (DEIE)                    Turns: 4791, Time: 00:22:15

Health: -2/36      AC:  8    Str:  5    XL:     8   Next: 19%
Magic:  20/24      EV: 12    Int: 21    God:    Sif Muna [**....]
Gold:   136        SH:  0    Dex: 15    Spells: 14/28 levels left

rFire    . . .     SeeInvis .   r - +2 trident (protect)
rCold    . . .     Gourm    .   (no shield)
rNeg     . . .     Faith    .   a - +0 robe
rPois    .         Spirit   .   (no helmet)
rElec    +         Reflect  .   (no cloak)
rCorr    .         Harm     .   (no gloves)
MR       .....                  (no boots)
Stlth    ++........             g - amulet of magic regeneration
HPRegen  0.12/turn              (no ring)
MPRegen  0.44/turn              (no ring)

@: lethally poisoned (-2 -> -34), icy armour, about to teleport, drained, slow
A: frail 1, electricity resistance, weak 1
a: Divine Energy, Renounce Religion


You were on level 6 of the Dungeon.
You worshipped Sif Muna.
Sif Muna was pleased with you.
You were not hungry.

You visited 2 branches of the dungeon, and saw 6 of its levels.

You collected 136 gold pieces.

Inventory:

Hand Weapons
 r - a +2 trident of protection (weapon)
Armour
 a - a +0 robe (worn)
 q - a +0 buckler
 v - a +0 plate armour of cold resistance
Jewellery
 g - an amulet of magic regeneration (around neck)
 j - an uncursed amulet of guardian spirit
 o - a cursed -3 ring of strength {unknown}
 y - a +2 ring of dexterity {unknown}
Wands
 s - a wand of paralysis (9)
 x - a wand of digging (15)
 z - a wand of disintegration (2)
Scrolls
 d - 3 scrolls of remove curse {unknown}
 f - 8 scrolls of identify {unknown}
 h - a scroll of noise {unknown}
 l - a scroll of enchant weapon {unknown}
 p - a scroll of teleportation
Books
 b - a book of Frost

   Spells                             Type                      Level
   a - Freeze                         Ice                          1
   b - Throw Frost                    Conjuration/Ice              2
   c - Ozocubu's Armour               Charms/Ice                   3
   d - Throw Icicle                   Conjuration/Ice              4
   e - Summon Ice Beast               Ice/Summoning                4
Comestibles
 c - 2 rations


   Skills:
 - Level 2.4(1.7) Dodging
 - Level 2.4(1.7) Stealth
 * Level 10.8(9.8) Spellcasting
 - Level 1.1(0.4) Conjurations
 + Level 7.0(6.1) Ice Magic


You had 14 spell levels left.
You knew the following spells:

 Your Spells              Type           Power        Failure   Level  Hunger
a - Freeze                Ice            ####         1%          1    None
b - Throw Frost           Conj/Ice       ###...       2%          2    None
c - Throw Icicle          Conj/Ice       ###.....     17%         4    ##.....
d - Ozocubu's Armour      Chrm/Ice       ###.....     5%          3    None
e - Summon Ice Beast      Ice/Summ       ###.....     19%         4    ##.....


Dungeon Overview and Level Annotations

Branches:
Dungeon (6/15)             Temple (1/1) D:4

Altars:
Ashenzari
Cheibriados
Fedhas
Gozag
Hepliaklqana
Kikubaaqudgha
Makhleb
Okawaru
Qazlal
Ru
Sif Muna
Trog
Vehumet
Wu Jian
Yredelemnul
Zin

Annotations:
D:5 1 exclusion
D:6 Menkaure; Tali's ghost, novice MiFi


Innate Abilities, Weirdness & Mutations

You are frail. (-10% HP)
You are resistant to electric shocks. (rElec)
You are weak. (Str -2)


Message History

You feel sick. Tali's ghost hits you.
* * * LOW HITPOINT WARNING * * *
You are more poisoned.
Your ice beast hits Tali's ghost.
Your ice beast freezes Tali's ghost!
As you read the scroll labeled CUOTENT JIRY, it crumbles to dust.
You assume a fearsome visage.
Tali's ghost is unaffected.
It was a scroll of fear.
* * * LOW HITPOINT WARNING * * *
You feel very sick. Tali's ghost barely misses you.
Your ice beast hits Tali's ghost.
Your ice beast freezes Tali's ghost!
As you read the scroll labeled OLONUEHACH, it crumbles to dust.
You feel strangely unstable.
It was a scroll of teleportation.
* * * LOW HITPOINT WARNING * * *
You feel sick. Tali's ghost misses you.
Your ice beast completely misses Tali's ghost.
As you read the scroll labeled LUHEIT COHUINO, it crumbles to dust.
It is a scroll of amnesia.
Okay, then.
You die...

...#.###.#.# #.# *,*,*
..,...[....* #.# *,*,*
...##.##.#####.#####.#,*
...............#.....*,*
####.[)#.#.......#**,*,*
* #.#.#.#.......# *,*,*
* #.#.#.#.......# ***,*
* #.#<..#.......# *,* *
#.#........YW@# *,*
***#....)........# *,*
,.....#.>###+#...# *,*
*####.#<.#,,....## *,*
****#.#..#,#.##.#*****,*
*,,,P....#,#.*...,,,,,,*
≈≈≈,≈≈P...,.,*####******
,≈≈≈≈≈≈P...***
≈≈≈≈≈≈♣≈..##


You could see Tali's ghost and a friendly ice beast.

Vanquished Creatures
  Grinder (D:5)
  Eustachio (D:5)
  2 ogres
  2 scorpions
  A crimson imp (D:4)
  2 orc priests
  An iguana (D:4)
  4 orc wizards
  5 worker ants
  3 adders
  2 worms
  3 dart slugs (D:1)
  3 leopard geckos
  12 orcs
  2 bats (D:1)
  4 giant cockroaches
  5 goblins (D:1)
  2 hobgoblins (D:1)
  4 quokkas
  A ball python (D:1)
  A frilled lizard (D:5)
  3 kobolds
  6 rats
70 creatures vanquished.

Vanquished Creatures (collateral kills)
  An orc warrior (D:6)
  Blork the orc (D:4)
  A wight (D:5)
  A hound (D:5)
  2 worker ants
  A hound skeleton (D:4)
  A shadow imp (D:5)
  An adder skeleton (D:5)
  2 orcs
  A quokka (D:5)
  A quokka skeleton (D:5)
13 creatures vanquished.

Grand Total: 83 creatures vanquished

Notes
Turn   | Place    | Note
-------+----------+-------------------------------------------
     0 | D:1      | Ashiichan the Deep Elf Ice Elementalist began the quest for the Orb.
     0 | D:1      | Reached XP level 1. HP: 10/10 MP: 6/6
   114 | D:1      | Reached XP level 2. HP: 15/15 MP: 3/8
   196 | D:1      | Learned a level 2 spell: Throw Frost
   372 | D:1      | Reached skill level 4 in Spellcasting
   637 | D:1      | Reached XP level 3. HP: 19/19 MP: 1/10
  1098 | D:2      | You fall through a shaft for 2 floors!
  1103 | D:4      | Reached skill level 5 in Spellcasting
  1103 | D:4      | Reached XP level 4. HP: 24/24 MP: 3/13
  1197 | D:4      | Found a staircase to the Ecumenical Temple.
  1222 | Temple   | Entered the Ecumenical Temple
  1314 | Temple   | Became a worshipper of Sif Muna the Loreminder
  1446 | D:4      | Noticed an ogre
  1466 | D:4      | Killed an ogre
  1466 | D:4      | Reached skill level 6 in Spellcasting
  1466 | D:4      | Reached XP level 5. HP: 3/28 MP: 9/16
  1749 | D:4      | Learned a level 4 spell: Throw Icicle
  1753 | D:4      | Learned a level 3 spell: Ozocubu's Armour
  1758 | D:4      | Learned a level 4 spell: Summon Ice Beast
  1772 | D:4      | Noticed Blork the orc
  1858 | D:4      | Reached skill level 7 in Spellcasting
  2030 | D:4      | Reached skill level 5 in Ice Magic
  2030 | D:4      | Reached XP level 6. HP: 31/32 MP: 5/18
  2085 | D:4      | Reached * piety under Sif Muna
  2402 | D:4      | Killed Blork the orc
  2556 | D:5      | Entered Level 5 of the Dungeon
  2633 | D:5      | Reached skill level 8 in Spellcasting
  2656 | D:5      | Found an ornate altar of the Wu Jian Council.
  2769 | D:5      | Reached XP level 7. HP: 32/36 MP: 4/21
  3070 | D:5      | Noticed Grinder
  3095 | D:5      | Reached skill level 9 in Spellcasting
  3145 | D:5      | Paralysed by Grinder for 2 turns
  3164 | D:5      | Paralysed by Grinder for 2 turns
  3183 | D:5      | Killed Grinder
  3183 | D:5      | Reached ** piety under Sif Muna
  3414 | D:5      | Noticed Eustachio
  3743 | D:5      | Reached skill level 10 in Spellcasting
  3866 | D:6      | Reached XP level 8. HP: 32/41 MP: 12/24
  3879 | D:6      | Noticed Tali's ghost (novice MiFi)
  4189 | D:5      | Killed Eustachio
  4382 | D:6      | Noticed Menkaure
  4410 | D:6      | Gained mutation: You are frail. (-10% HP) [potion of mutation]
  4410 | D:6      | Gained mutation: You are weak. (Str -2) [potion of mutation]
  4410 | D:6      | Gained mutation: You are resistant to electric shocks. (rElec) [potion of mutation]
  4790 | D:6      | HP: 1/36 [poisoned by Tali's ghost]
  4791 | D:6      | Succumbed to Tali's ghost's poison

Skill      XL: |  1  2  3  4  5  6  7  8 |
---------------+-------------------------+-----
Spellcasting   | 4 5 6 7 8 10 | 10.8
Ice Magic      | 4 5 6 7 |  7.0
Dodging        | |  2.4
Stealth        | |  2.4
Conjurations   | |  1.1

Action                   |  1- 3 |  4- 6 |  7- 9 || total
-------------------------+-------+-------+-------++-------
Melee: Unarmed           |       |     3 |       ||     3
       Trident           |       |     3 |    16 ||    19
 Cast: Freeze            |    17 |    25 |    50 ||    92
       Throw Frost       |    27 |    55 |    40 ||   122
       Summon Ice Beast  |       |     4 |    17 ||    21
       Ozocubu's Armour  |       |     2 |     3 ||     5
       Throw Icicle      |       |       |     3 ||     3
Evoke: Wand              |       |       |     1 ||     1
  Use: Potion            |       |       |     7 ||     7
       Scroll            |       |       |     4 ||     4
  Eat: Ration            |       |     2 |     2 ||     4
       Chunk             |       |       |     2 ||     2
Armor: Robe              |     1 |     4 |    14 ||    19
       Skin              |       |       |     9 ||     9
Dodge: Dodged            |     9 |    18 |    59 ||    86
